 Dungeon Crawl Stone Soup version 0.24.0-35-gdb84b6a5db (webtiles) character file.

Game seed: 13201740114259069728, levelgen mode: deterministic

207 Curus the Twirler (level 5, -3/30 HPs)
             Began as a Gargoyle Gladiator on Nov 18, 2019.
             Was a Follower of Okawaru.
             Slain by Menkaure (11 damage)
             ... on level 4 of the Dungeon.
             The game lasted 00:04:07 (1204 turns).

Curus the Twirler (Gargoyle Gladiator)              Turns: 1204, Time: 00:04:08

Health: -3/30      AC: 11    Str: 18    XL:     5   Next: 85%
Magic:  5/5        EV: 10    Int:  8    God:    Okawaru [*.....]
Gold:   123        SH:  0    Dex: 12    Spells: 4/4 levels left

rFire    . . .     SeeInvis .   a - +0 quarterstaff
rCold    . . .     Gourm    .   (shield currently unavailable)
rNeg     + . .     Faith    .   g - +0 scale mail
rPois    ∞         Spirit   .   c - +0 helmet
rElec    +         Reflect  .   (no cloak)
rCorr    .         Harm     .   (no gloves)
MR       .....     Rnd*Tele +   (no boots)
Stlth    ..........             (no amulet)
HPRegen  0.10/turn              i - ring of teleportation (curse)
MPRegen  0.09/turn              (no ring)

@: no status effects
A: negative energy resistance 1, electricity resistance, unbreathing,
petrification resistance, rot immunity, AC +4
a: Heroism, Renounce Religion


You were on level 4 of the Dungeon.
You worshipped Okawaru.
Okawaru was aware of your devotion.
You were not hungry.

You visited 1 branch of the dungeon, and saw 3 of its levels.

You collected 123 gold pieces.

Inventory:

Hand Weapons
 a - a +0 quarterstaff (weapon)
Missiles
 d - a throwing net (quivered)
Armour
 b - a +0 leather armour
 c - a +0 helmet (worn)
 g - a +0 scale mail (worn)
 h - a +1 hat
Jewellery
 i - a cursed ring of teleportation (left hand)
Scrolls
 j - 2 scrolls of identify
 k - a scroll of random uselessness
Potions
 e - a potion of curing
 l - a potion of cancellation
Comestibles
 f - 4 rations
 m - a chunk of flesh


   Skills:
 - Level 2.1 Fighting
 + Level 6.3 Staves
 - Level 1.7 Throwing
 - Level 2.4 Dodging


You had 4 spell levels left.
You didn't know any spells.
Your spell library was empty.

Dungeon Overview and Level Annotations

Branches:
Dungeon (2/15)

Altars:
Okawaru

Annotations:
D:4 Menkaure


Innate Abilities, Weirdness & Mutations

You are resistant to torment.
Your stone body is resilient. (AC +4)
You are immune to poison.
You resist negative energy. (rN+)
You are resistant to electric shocks. (rElec)
You can survive without breathing.
You are immune to petrification.
You are immune to rotting.


Message History

Your surroundings suddenly seem different.
Menkaure shouts!
Menkaure hits you!
* * * LOW HITPOINT WARNING * * *
You thump Menkaure!
Menkaure is heavily damaged.
Menkaure barely misses you.
You hit Menkaure.
Menkaure is severely damaged.
You hit Menkaure but do no damage.
Menkaure is severely damaged.
Menkaure barely misses you.
You hit Menkaure.
Menkaure is almost destroyed.
Menkaure mumbles some strange words.
Menkaure seems to speed up.
You hit Menkaure but do no damage.
Menkaure is almost destroyed.
Menkaure hits you!
You die...

#............##
#..####.####..###
#..##.....##....###
##.#.......#......#
#.#.......#..###...
#....._.÷....# #.
#.#.......#..#
#.#.......#..#
##.##.@...##..#
##..####M####..#
##..............#
###
##.....#######...#
..## ##....### ###
...# ##..####
.#...#.o## ##
#..o## # ##h.


You could see Menkaure.

Vanquished Creatures
  A hippogriff (D:4)
  An adder (D:4)
  2 dart slugs
  A giant cockroach (D:1)
  3 hobgoblins (D:1)
  4 jackals (D:1)
  A kobold (D:1)
  5 bats (D:1)
  A frilled lizard (D:4)
  3 goblins (D:1)
  A leopard gecko skeleton (D:4)
  A quokka skeleton (D:4)
  5 rats
29 creatures vanquished.

Notes
Turn   | Place    | Note
-------+----------+-------------------------------------------
     0 | D:1      | Curus the Gargoyle Gladiator began the quest for the Orb.
     0 | D:1      | Reached XP level 1. HP: 12/12 MP: 1/1
   151 | D:1      | Reached XP level 2. HP: 17/17 MP: 2/2
   375 | D:1      | Reached skill level 4 in Staves
   616 | D:1      | Reached XP level 3. HP: 19/21 MP: 3/3
   886 | D:2      | You fall into a shaft and drop 2 floors!
   892 | D:4      | Found an iron altar of Okawaru.
   902 | D:4      | Became a worshipper of Warmaster Okawaru
   955 | D:4      | Noticed Menkaure
  1023 | D:4      | Noticed a hippogriff
  1036 | D:4      | HP: 1/21 [hippogriff (1)]
  1037 | D:4      | Killed a hippogriff
  1037 | D:4      | Reached * piety under Okawaru
  1037 | D:4      | Reached skill level 6 in Staves
  1037 | D:4      | Reached XP level 4. HP: 2/26 MP: 4/4
  1037 | D:4      | Reached XP level 5. HP: 2/30 MP: 5/5
  1204 | D:4      | Slain by Menkaure

Levels and vault maps discovered:
D:1:      lightli_arrival_quake, layout_loops_cross, minmay_crystal_water
D:2:      layout_basic, first_ration, uniq_robin
D:4:      layout_cave_pods, old_standard_altar, minmay_small_thing,
          uniq_menkaure

Skill      XL: |  1  2  3 |
---------------+----------+-----
Staves         | 4 6 |  6.3
Fighting       | |  2.1
Throwing       | |  1.7
Dodging        | |  2.4

Action                   |  1- 3 |  4- 6 || total
-------------------------+-------+-------++-------
Melee: Quarterstaff      |    98 |     5 ||   103
Throw: Throwing net      |     2 |       ||     2
  Use: Potion            |     5 |       ||     5
       Scroll            |     4 |       ||     4
  Eat: Chunk             |       |     1 ||     1
Armor: Leather armour    |    10 |       ||    10
       Scale mail        |    43 |       ||    43
Dodge: Dodged            |    52 |     2 ||    54
